 Dungeon Crawl Stone Soup version 0.22-a0-482-g76e0a5f (webtiles) character file.

2103 epen the Chopper (level 9, -15/79 HPs)
             Began as a Minotaur Monk on June 17, 2018.
             Was a Priest of Makhleb.
             Demolished by a two-headed ogre
             ... wielding a +0 dire flail of protection
              (19 damage)
             ... on level 8 of the Dungeon.
             The game lasted 00:09:42 (6075 turns).

epen the Chopper (Minotaur Monk)                    Turns: 6075, Time: 00:09:42

Health: -15/79     AC: 14    Str: 22      XL:     9   Next: 7%
Magic:  0/11       EV: 11    Int:  6 (7)  God:    Makhleb [***...]
Gold:   465        SH:  0    Dex: 12 (13) Spells: 8/8 levels left

rFire    + . .     SeeInvis .   u - +0 broad axe
rCold    + . .     Gourm    .   (no shield)
rNeg     + . .     Faith    .   w - +5 chain mail of Dogma {rC+ Str+3}
rPois    .         Spirit   +   (helmet restricted)
rElec    .         Reflect  .   (no cloak)
rCorr    .         Harm     .   (no gloves)
MR       .....     Rnd*Rage +   (no boots) Stlth ..........Rnd*Tele +
                                x - amulet of guardian spirit
HPRegen  0.23/turn              A - ring of positive energy
MPRegen  0.12/turn              e - ring of protection from fire

@: no status effects
A: retaliatory headbutt, horns 2, talons 1, berserk 1, deterioration 1,
teleportitis 1
a: Minor Destruction, Lesser Servant of Makhleb, Renounce Religion


You were on level 8 of the Dungeon.
You worshipped Makhleb.
Makhleb was most pleased with you.
You were not hungry.

You visited 1 branch of the dungeon, and saw 8 of its levels.

You collected 465 gold pieces.

Inventory:

Hand Weapons
 r - a +0 hand axe
 u - a +0 broad axe (weapon)
Missiles
 q - a throwing net (quivered)
Armour
 a - a +0 robe
 h - a +0 robe
 s - a +1 ring mail
 w - the +5 chain mail of Dogma (worn) {rC+ Str+3}
   (You found it on level 4 of the Dungeon)

   It affects your strength (+3).
   It protects you from cold.
Jewellery
 e - a ring of protection from fire (right hand)
 n - an uncursed ring of flight
 x - an amulet of guardian spirit (around neck)
 A - a ring of positive energy (left hand)
Wands
 z - a wand of digging (16)
 C - a wand of disintegration (11)
Scrolls
 d - 7 scrolls of blinking
 f - a scroll of amnesia
 i - 2 scrolls of teleportation
 j - 6 scrolls of remove curse
 l - 2 scrolls of magic mapping
 m - 2 scrolls of identify
 y - 2 scrolls of fog
Potions
 c - a potion of resistance
 g - a potion of heal wounds
 k - 2 potions of cancellation
 o - 4 potions of curing
 p - a potion of agility
 t - a potion of invisibility {unknown}
 v - a potion of magic
 B - 2 potions of flight
Comestibles
 b - 13 rations


   Skills:
 + Level 7.0 Fighting
 * Level 7.5 Axes
 + Level 5.2 Armour
 + Level 6.4 Dodging
 - Level 1.5 Stealth
 - Level 4.9 Unarmed Combat
 + Level 4.1 Invocations


You had 8 spell levels left.
You didn't know any spells.
Your spell library contained the following spells:

 Spells                   Type           Power        Failure   Level  Hunger
 Magic Dart               Conj           #...         98%         1    ##.....
 Conjure Flame            Conj/Fire      #.......     100%        3    ####...
 Slow                     Hex            #.......     99%         2    ###....
 Mephitic Cloud           Conj/Pois/Air  #.......     100%        3    ####...
 Death's Door             Chrm/Necr      #.........   100%        8    #######
 Blink                    Tloc           N/A          99%         2    ###....
 Haunt                    Necr/Summ      #.........   100%        7    #######
 Borgnjor's Revivificati  Necr           #.........   100%        8    #######
 Call Imp                 Summ           #.......     99%         2    ###....
 Necromutation            Tmut/Necr      #.........   100%        8    #######
 Infestation              Necr           #.........   100%        8    #######


Dungeon Overview and Level Annotations

Branches:
Dungeon (8/15)             Temple (0/1) D:5
   Lair: D:8-11

Altars:
Elyvilon
Makhleb
Wu Jian


Innate Abilities, Weirdness & Mutations

You reflexively headbutt those who attack you in melee.
You have a pair of horns on your head.
You have sharp toenails.
You tend to lose your temper in combat.
Your body sometimes deteriorates upon taking damage.
You are occasionally teleported next to monsters.


Message History

The two-headed ogre hits you with a dire flail of protection!!
The two-headed ogre hits you with a giant club.
* * * LOW HITPOINT WARNING * * *
You are too injured to fight recklessly!
Your chain mail of Dogma prevents you from hitting the two-headed ogre.
Your kick misses the two-headed ogre.
You headbutt the two-headed ogre, but do no damage.
Your punch misses the two-headed ogre.
The two-headed ogre is heavily wounded.
The gnoll closely misses you.
The two-headed ogre hits you with a dire flail of protection!
* * * LOW HITPOINT WARNING * * *
The two-headed ogre hits you with a giant club.
* * * LOW HITPOINT WARNING * * *
The gnoll hits you from afar with a spear.
* * * LOW HITPOINT WARNING * * *
The two-headed ogre hits you with a dire flail of protection!
* * * LOW HITPOINT WARNING * * *
The two-headed ogre hits you with a giant club!!
You die...

#....##....>.#
+....#.......#
#....#....†.†#
#....#.......#
#....#.......#
#..g.#.......#
###g.##...##.#
#g###...##.#
#.O@.......#
#..........#
#..........#
#..........###
#..............
#...............
#...÷...........
#####'####+####.
#.....#


You could see a two-headed ogre and a gnoll.

Vanquished Creatures
  The ghost of Scuka the Geomancer, a novice GrEE of Ashenzari (D:5)
  Prince Ribbit (D:5)
  A hippogriff (D:7)
  Sigmund (D:5)
  2 sky beasts (D:7)
  2 ogres
  A centaur (D:6)
  Blork the orc (D:6)
  2 bullfrogs
  2 howler monkeys
  A crimson imp (D:6)
  A bullfrog zombie (D:8)
  A jelly (D:5)
  2 hounds
  An iguana (D:4)
  6 worker ants
  A hound zombie (D:6)
  A hound skeleton (D:4)
  A worker ant zombie (D:6)
  14 adders
  4 gnolls
  2 shadow imps
  3 oozes
  A worm (D:6)
  2 dart slugs (D:1)
  A leopard gecko (D:2)
  3 orcs (D:3)
  3 bats
  3 giant cockroaches
  8 hobgoblins
  6 jackals
  11 kobolds
  4 quokkas
  3 frilled lizards
  9 goblins
  2 quokka skeletons
  9 rats
117 creatures vanquished.

Notes
Turn   | Place    | Note
-------+----------+-------------------------------------------
     0 | D:1      | epen the Minotaur Monk began the quest for the Orb.
     0 | D:1      | Reached XP level 1. HP: 19/19 MP: 0/0
    67 | D:1      | Reached XP level 2. HP: 27/27 MP: 1/1
   505 | D:2      | Reached XP level 3. HP: 33/33 MP: 2/2
   615 | D:2      | HP: 1/33 [poisoned by an adder]
  1073 | D:2      | Reached XP level 4. HP: 37/41 MP: 3/3
  1194 | D:2      | Found a faded altar of an unknown god.
  1247 | D:2      | Became a worshipper of Makhleb the Destroyer
  1247 | D:2      | Reached * piety under Makhleb
  1247 | D:2      | Reached ** piety under Makhleb
  1273 | D:2      | Reached skill level 1 in Armour
  1823 | D:3      | Reached *** piety under Makhleb
  1938 | D:3      | Reached XP level 5. HP: 40/47 MP: 4/4
  2071 | D:3      | Found a white marble altar of Elyvilon.
  2443 | D:4      | Noticed an ogre
  2531 | D:4      | Reached skill level 1 in Axes
  2533 | D:4      | Killed an ogre
  2533 | D:4      | Reached skill level 1 in Invocations
  2842 | D:4      | Reached XP level 6. HP: 35/55 MP: 3/5
  2849 | D:4      | Got an ancient chain mail
  2865 | D:4      | Identified the +5 chain mail of Dogma {rC+ Str+3} (You found it on level 4 of the Dungeon)
  2962 | D:4      | Reached skill level 5 in Fighting
  3441 | D:5      | Entered Level 5 of the Dungeon
  3443 | D:5      | Noticed Scuka's ghost (novice GrEE)
  3540 | D:5      | Noticed Sigmund
  3559 | D:5      | Killed Sigmund
  3559 | D:5      | Reached XP level 7. HP: 56/61 MP: 4/7
  3656 | D:5      | Found a staircase to the Ecumenical Temple.
  3668 | D:5      | Noticed Prince Ribbit
  3961 | D:5      | Gained mutation: You are occasionally teleported next to monsters. [potion of mutation]
  3961 | D:5      | Gained mutation: Your body sometimes deteriorates upon taking damage. [potion of mutation]
  3961 | D:5      | Gained mutation: You tend to lose your temper in combat. [potion of mutation]
  3961 | D:5      | Gained mutation: You have sharp toenails. [potion of mutation]
  4079 | D:5      | Killed Prince Ribbit
  4079 | D:5      | Reached skill level 5 in Dodging
  4164 | D:5      | Killed Scuka's ghost
  4164 | D:5      | Reached skill level 5 in Axes
  4663 | D:6      | Reached XP level 8. HP: 70/70 MP: 9/9
  4826 | D:6      | Noticed Blork the orc
  4835 | D:6      | Killed Blork the orc
  5553 | D:7      | Noticed a hippogriff
  5561 | D:7      | Killed a hippogriff
  5582 | D:7      | Reached skill level 5 in Armour
  5688 | D:7      | Found an ornate altar of the Wu Jian Council.
  5886 | D:7      | Reached XP level 9. HP: 78/78 MP: 11/11
  6059 | D:8      | Noticed a two-headed ogre
  6075 | D:8      | Demolished by a two-headed ogre

Vault maps used:
D:1:      dpeg_arrival_ratfight
D:2:      chequers_ecumenical_altar_lobes, serial_forest,
          infiniplex_forest_clump_C, infiniplex_forest_lined_corner,
          infiniplex_forest_lined_corner, infiniplex_forest_clump_small,
          infiniplex_forest_straight_3, infiniplex_forest_lined_2
D:3:      lemuel_round_altar, minmay_misc_feat_rows, minivault_5
D:4:      first_ration
D:5:      minmay_temple_entry_butterflies, uniq_sigmund, uniq_prince_ribbit1
D:6:      uniq_blork_the_orc
D:7:      basic_altar
D:8:      minmay_opposing_rooms, nicolae_ru_great_annihilating_truth, uniq_pikel

Skill      XL: |  1  2  3  4  5  6  7  8  9 |
---------------+----------------------------+-----
Fighting       | 4 5 6 7 |  7.0
Unarmed Combat | 4 |  4.9
Dodging        | 4 5 6 |  6.4
Armour         | 1 2 3 5 |  5.2
Axes           | 2 3 5 7 |  7.5
Invocations    | 1 2 4 |  4.1
Stealth        | |  1.5

Action                   |  1- 3 |  4- 6 |  7- 9 || total
-------------------------+-------+-------+-------++-------
Melee: Unarmed           |    71 |    63 |       ||   134
       Headbutt          |     5 |    17 |    25 ||    47
       Punch             |     1 |       |     2 ||     3
       Broad axe         |       |    47 |   132 ||   179
       Hand axe          |       |    22 |       ||    22
       Kick              |       |       |    44 ||    44
  Use: Scroll            |       |     5 |    13 ||    18
       Potion            |       |       |     3 ||     3
 Stab: Sleeping          |     4 |     4 |       ||     8
  Eat: Chunk             |       |     7 |     6 ||    13
       Ration            |       |       |     1 ||     1
Armor: Robe              |     6 |    13 |       ||    19
       Chain mail        |       |     8 |   107 ||   115
Dodge: Dodged            |    59 |   108 |    84 ||   251

Table legend:
 A = Spawn XP
 B = Non-spawn XP
 C = Spawn XP percentage of total XP
 D = Spawn monster count
 E = Non-spawn monster count
 F = Spawn count percentage of total count
 G = Total turns spent on level
                    A         B        C        D         E        F      G
               +---------+---------+-------+---------+---------+-------+---------
         Total |       0 |    3005 |   0.0 |       0 |     117 |   0.0 |  6075
               +---------+---------+-------+---------+---------+-------+---------
           D:1 |       0 |      39 |   0.0 |       0 |      21 |   0.0 |   502
           D:2 |       0 |     119 |   0.0 |       0 |      24 |   0.0 |  1211
           D:3 |       0 |      78 |   0.0 |       0 |      20 |   0.0 |   785
           D:4 |       0 |     273 |   0.0 |       0 |      12 |   0.0 |   987
           D:5 |       0 |     907 |   0.0 |       0 |       7 |   0.0 |  1172
           D:6 |       0 |     604 |   0.0 |       0 |      17 |   0.0 |   781
           D:7 |       0 |     884 |   0.0 |       0 |       9 |   0.0 |   548
           D:8 |       0 |     101 |   0.0 |       0 |       7 |   0.0 |    89
               +---------+---------+-------+---------+---------+-------+---------
